[Event "Kvibergspelen 2018"]
[Site "Prioritet Serneke Arena, Krutvagen 2, Gothenburg, Sweden"]
[Date "2018.04.21"]
[Round "5.8"]
[White "Storme, Isak"]
[Black "Karlsson, Jorgen"]
[Result "1-0"]
[TimeControl "15 minutes + 5 seconds per move from move one (Round 1 - 4) / 90 minutes + 30 seconds per move from move one (Round 5 - 8)"]
[WhiteTitle "CM"]
[WhiteFideId "1728113"]
[BlackFideId "1711679"]
[WhiteElo "2323"]
[BlackElo "2045"]

1. e4 g6 2. d4 Bg7 3. Nc3 a6 4. h4 h5 5. Nh3 d6 6. Ng5 Nc6 7. Be3 e5 8. dxe5 Nxe5 9. f4 Ng4 10.
Bd4 N8f6 11. e5 dxe5 12. fxe5 Nh7 13. Nxh7 Rxh7 14. Ne4 Nxe5 15. Ng5 Qe7 16. Be2 Rh8 17. O-O Bf5 18. Bc3 Rd8 19.
Qe1 Rd7 20. Kh1 Kd8 21. Qf2 Qd6 22. Rad1 Qb6 23. Qxb6 cxb6 24. Bxe5 1-0

[Event "Kvibergspelen 2018"]
[Site "Prioritet Serneke Arena, Krutvagen 2, Gothenburg, Sweden"]
[Date "2018.04.21"]
[Round "5.9"]
[White "Fransson, Lennart"]
[Black "Pantzar, Milton"]
[Result "0-1"]
[TimeControl "15 minutes + 5 seconds per move from move one (Round 1 - 4) / 90 minutes + 30 seconds per move from move one (Round 5 - 8)"]
[BlackTitle "FM"]
[WhiteFideId "1706756"]
[BlackFideId "1721003"]
[WhiteElo "2035"]
[BlackElo "2295"]

1. c4 Nf6 2. g3 c6 3. Bg2 d5 4. Qc2 e5 5. d3 d4 6. Nf3 Nbd7 7. O-O Bd6 8. Bg5 h6 9. Bxf6 Nxf6 10.
Nbd2 Qe7 11. h3 O-O 12. Rfe1 Re8 13. e3 dxe3 14. Rxe3 Bf5 15. Rae1 Rad8 16. Kh2 Nd7 17. a3 Qf8 18.
Qc3 Bg6 19. d4 exd4 20. Nxd4 Rxe3 21. Qxe3 Ne5 22. Be4 Bc5 23. N2b3 Bxd4 24. Nxd4 Nxc4 25. Qc3 Bxe4 26. Rxe4 Nd6 27.
Rg4 Re8 28. Qa5 a6 29. Qd2 Re4 30. Rxe4 Nxe4 31. Qf4 Nd6 32. Nf5 Nxf5 33. Qxf5 Qd8 34. Qe5 Qd7 35. b4 Kh7 36. Qe3 Qf5 37.
Kg2 a5 38. bxa5 Qxa5 39. Qd3 g6 40. Qe3 Qd5+ 41. Kg1 c5 42. h4 c4 43. Kf1 Qd1+ 44. Kg2 Qd7 45. Qc3 Qd5+ 46. Kf1 Qd1+ 47.
Kg2 Qb3 48. Qf6 c3 49. h5 g5 50. Qf5 Kg8 51. Qd3 Qxa3 52. Qd8+ Qf8 53. Qd3 Qc8 0-1

[Event "Kvibergspelen 2018"]
[Site "Prioritet Serneke Arena, Krutvagen 2, Gothenburg, Sweden"]
[Date "2018.04.21"]
[Round "5.10"]
[White "Nguyen, Gabriel"]
[Black "Sorensen, Hampus"]
[Result "0-1"]
[TimeControl "15 minutes + 5 seconds per move from move one (Round 1 - 4) / 90 minutes + 30 seconds per move from move one (Round 5 - 8)"]
[WhiteFideId "1720791"]
[BlackFideId "8703884"]
[WhiteElo "2024"]
[BlackElo "2243"]

1. d4 d5 2. Nf3 Nf6 3. c4 c6 4. e3 e6 5. Nc3 Nbd7 6. Qc2 Bd6 7. b3 O-O 8. Bb2 b6 9. Bd3 Bb7 10.
O-O h6 11. h3 c5 0-1

[Event "Kvibergspelen 2018"]
[Site "Prioritet Serneke Arena, Krutvagen 2, Gothenburg, Sweden"]
[Date "2018.04.21"]
[Round "5.11"]
[White "Andersson, Kjell-Ake"]
[Black "Nilsson, Anders"]
[Result "0-1"]
[TimeControl "15 minutes + 5 seconds per move from move one (Round 1 - 4) / 90 minutes + 30 seconds per move from move one (Round 5 - 8)"]
[BlackTitle "CM"]
[WhiteFideId "1713825"]
[BlackFideId "1705423"]
[WhiteElo "1921"]
[BlackElo "2217"]

1. Nf3 b6 2. g3 Bb7 3. Bg2 c5 4. c4 g6 5. d4 cxd4 6. Qxd4 Nf6 7. b3 Bg7 8. Bb2 Nc6 9. Qd1 O-O 10.
O-O a6 11. Nc3 Ne4 12. Qc1 Bxc3 13. Bxc3 Nxc3 14. Qxc3 Qc7 15. Rfd1 d6 16. Nd4 Ne5 17. Rac1 Bxg2 18. Kxg2 Rfc8 19.
Qd2 Qb7+ 20. f3 Rc5 21. e4 Rac8 22. Qh6 Qd7 23. h4 Qe8 24. h5 Qf8 25. Qxf8+ Kxf8 26. hxg6 hxg6 27. a4 Kg7 28.
f4 Ng4 29. Kf3 Nh2+ 30. Kg2 Ng4 31. Kf3 Nf6 32. Ne2 Rh8 33. Rh1 Rch5 34. Rxh5 Rxh5 35. Nc3 g5 36. fxg5 Nd7 37. Kg4 Rh2 38.
Nd5 Ne5+ 0-1

[Event "Kvibergspelen 2018"]
[Site "Prioritet Serneke Arena, Krutvagen 2, Gothenburg, Sweden"]
[Date "2018.04.21"]
[Round "5.12"]
[White "Johansson, Gunnar"]
[Black "Rasti, Arvin"]
[Result "1/2-1/2"]
[TimeControl "15 minutes + 5 seconds per move from move one (Round 1 - 4) / 90 minutes + 30 seconds per move from move one (Round 5 - 8)"]
[WhiteFideId "1703501"]
[BlackFideId "1741160"]
[WhiteElo "2212"]
[BlackElo "1920"]

1. d4 d5 2. c4 c6 3. Nc3 Nf6 4. e3 a6 5. Qc2 g6 6. Bd3 Bg7 7. Nf3 Bg4 8. Ne5 Be6 9. O-O Nfd7 10.
cxd5 cxd5 11. f4 Nxe5 12. fxe5 Nc6 13. a3 Rc8 14. b4 Nxe5 15. dxe5 d4 16. Be4 Rxc3 17. Qa4+ Bd7 18. Qd1 Bb5 19.
Re1 Bh6 20. Qxd4 Qc7 21. Bb2 Rc4 22. Qd5 Qc6 1/2-1/2

[Event "Kvibergspelen 2018"]
[Site "Prioritet Serneke Arena, Krutvagen 2, Gothenburg, Sweden"]
[Date "2018.04.21"]
[Round "5.13"]
[White "Strom-Engdahl, Alexander"]
[Black "Crevatin, Leo"]
[Result "1/2-1/2"]
[TimeControl "15 minutes + 5 seconds per move from move one (Round 1 - 4) / 90 minutes + 30 seconds per move from move one (Round 5 - 8)"]
[WhiteFideId "1741586"]
[BlackFideId "1726307"]
[WhiteElo "1720"]
[BlackElo "2157"]

1. Nf3 d5 2. g3 Nf6 3. Bg2 c6 4. d4 Bf5 5. Bf4 h6 6. h4 Qb6 7. Qc1 e6 8. O-O c5 9. c3 Nc6 10.
Be3 Be7 11. Nbd2 O-O 12. dxc5 Bxc5 13. Bxc5 Qxc5 14. Nb3 Qb6 15. Nbd4 Nxd4 16. Nxd4 Bh7 17. Rd1 Rad8 18. e3 Rfe8 19.
Bf1 e5 20. Nb3 Be4 21. Bg2 Bf5 22. c4 dxc4 23. Qxc4 Rc8 24. Qa4 Rc2 25. Qa3 Ng4 26. Rf1 Bd3 27. Qa4 Qe6 28. Rac1 b5 29.
Qxa7 Bxf1 30. Rxc2 Bxg2 31. Kxg2 Qd5+ 32. f3 Ra8 33. Qc5 Qxc5 34. Rxc5 Nxe3+ 35. Kh3 Nc4 36. Rxb5 Rxa2 37. Rc5 Rxb2 38.
Rxc4 Rxb3 39. Kg2 Rb2+ 40. Kh3 Re2 41. g4 g6 42. g5 Kg7 43. Rc7 hxg5 44. hxg5 Kf8 45. Kg3 Re1 46. Kf2 Ra1 47.
Rc5 e4 48. fxe4 Ke7 49. Rc7+ Ke6 50. Rc5 Ra3 51. Ke2 Kd6 52. Rb5 Ra1 53. Ke3 Rc1 54. Rb7 Rc7 55. Rxc7 Kxc7 56. e5 Kd7 57.
Kd4 Ke6 58. Ke4 Ke7 59. Kd4 Kd7 60. Kd5 Ke7 61. Kd4 Kd7 62. Kd5 Ke7 1/2-1/2

[Event "Kvibergspelen 2018"]
[Site "Prioritet Serneke Arena, Krutvagen 2, Gothenburg, Sweden"]
[Date "2018.04.21"]
[Round "5.14"]
[White "Muntean, Victor"]
[Black "Arman, Deniz"]
[Result "0-1"]
[TimeControl "15 minutes + 5 seconds per move from move one (Round 1 - 4) / 90 minutes + 30 seconds per move from move one (Round 5 - 8)"]
[BlackTitle "FM"]
[WhiteFideId "1054414"]
[BlackFideId "6302106"]
[WhiteElo "1846"]
[BlackElo "2359"]

1. e4 d5 2. exd5 Qxd5 3. Nc3 Qd6 4. d4 Nf6 5. Nb5 Qb6 6. c4 c6 7. Nc3 e5 8. dxe5 Ng4 9. Qe2 Bc5 10.
Ne4 Bb4+ 11. Bd2 Bxd2+ 12. Qxd2 O-O 13. Nf3 Na6 14. h3 Nxe5 15. Nxe5 Re8 16. Qg5 Qa5+ 17. Kd1 Rxe5 18. Qf4 Rxe4 19.
Qxe4 Bf5 20. Qf4 Nb4 21. Ke2 Nd3 22. Qe3 Kf8 23. Kf3 Re8 24. Qd4 Be4+ 25. Kg3 Qc7+ 26. Kh4 Qf4 0-1

[Event "Kvibergspelen 2018"]
[Site "Prioritet Serneke Arena, Krutvagen 2, Gothenburg, Sweden"]
[Date "2018.04.21"]
[Round "5.15"]
[White "Gutzmann, Tobias"]
[Black "Bellon Lopez, Juan"]
[Result "0-1"]
[TimeControl "15 minutes + 5 seconds per move from move one (Round 1 - 4) / 90 minutes + 30 seconds per move from move one (Round 5 - 8)"]
[BlackTitle "GM"]
[WhiteFideId "4686250"]
[BlackFideId "2200031"]
[WhiteElo "2063"]
[BlackElo "2352"]

1. e4 c5 2. Nf3 e6 3. d4 cxd4 4. c3 d3 5. Bxd3 d6 6. O-O Qc7 7. c4 Nf6 8. Nc3 a6 9. Qe2 Nbd7 10.
h3 b6 11. Bf4 Ne5 12. Nxe5 dxe5 13. Be3 Bc5 14. Na4 Bxe3 15. Qxe3 Nd7 16. b4 Qc6 17. Nb2 O-O 18. Bc2 a5 19.
a3 axb4 20. axb4 Rxa1 21. Rxa1 Qd6 22. Qb3 Qc7 23. Qe3 Bb7 24. Bb3 Rd8 25. Rd1 Nb8 26. Rxd8+ Qxd8 27. Na4 Nc6 28. Qxb6 Qxb6 29. Nxb6 Nxb4 30. f3 f6 31.
Ba4 Kf7 32. Kf2 Ke7 33. Ke3 Kd6 34. Nd7 Bc6 35. Bxc6 Nxc6 36. Nb6 Kc5 37. Nd7+ Kd6 38. Nb6 f5 39. Na4 f4+ 40. Kf2 Na5 41.
Nb6 Kc6 42. c5 Kxc5 43. Nd7+ Kd6 44. Nb6 Kc6 45. Na4 Kb5 46. Nb2 Nc6 47. Ke2 g5 48. Kd3 Ne7 49. Nc4 Ng6 50. Nd6+ Kc6 51.
Nf7 Kd7 52. Nxg5 h5 53. h4 Nxh4 54. Nf7 Nxg2 55. Nxe5+ Kd6 56. Nf7+ Ke7 57. Ng5 Kf6 58. Nh3 e5 59. Ke2 Ne3 60.
Kf2 Nc2 61. Kg2 Nd4 62. Kf2 Ne6 63. Kg2 Ke7 64. Ng1 Ng5 65. Ne2 Kd6 66. Nc3 Kc5 67. Nd5 Kd4 68. Kf2 h4 69. Ne7 Nxe4+ 70. Kg2 Ng5 71. Ng6 h3+ 72. Kh2 Ke3 0-1

[Event "Kvibergspelen 2018"]
[Site "Prioritet Serneke Arena, Krutvagen 2, Gothenburg, Sweden"]
[Date "2018.04.21"]
[Round "5.16"]
[White "Naslund, Mikael"]
[Black "Kardell, Mathias"]
[Result "1/2-1/2"]
[TimeControl "15 minutes + 5 seconds per move from move one (Round 1 - 4) / 90 minutes + 30 seconds per move from move one (Round 5 - 8)"]
[WhiteTitle "FM"]
[WhiteFideId "1708260"]
[BlackFideId "1710109"]
[WhiteElo "2224"]
[BlackElo "2057"]

1. d4 d5 2. c4 e6 3. Nf3 c6 4.
Nc3 Nf6 5. Bg5 Be7 6. e3 Nbd7 7. Qc2 O-O 8. Rd1 Re8 9. a3 Nb6 10. c5 Nbd7 11. Bd3 h6 12. Bh4 e5 13. dxe5 Ng4 14.
Bxe7 Qxe7 15. b4 Ndxe5 16. Nxe5 Qxe5 17. h3 Nf6 18. O-O Qg5 19. f4 Qh4 20. e4 dxe4 21. Bxe4 Be6 22. Qf2 Qxf2+ 23. Kxf2 Bb3 24. Rd4 Rad8 25. Rxd8 1/2-1/2

[Event "Kvibergspelen 2018"]
[Site "Prioritet Serneke Arena, Krutvagen 2, Gothenburg, Sweden"]
[Date "2018.04.21"]
[Round "5.17"]
[White "Jonsson, Krister"]
[Black "Ronneland, Daniel"]
[Result "0-1"]
[TimeControl "15 minutes + 5 seconds per move from move one (Round 1 - 4) / 90 minutes + 30 seconds per move from move one (Round 5 - 8)"]
[WhiteFideId "1708023"]
[BlackFideId "1702130"]
[WhiteElo "2047"]
[BlackElo "2201"]

1. Nf3 d5 2. c4 c6 3. d4 dxc4 4. a4 Nf6 5. Nc3 Bf5 6. e3 e6 7. Bxc4 Bb4 8. O-O O-O 9. Nh4 Nbd7 10.
Nxf5 exf5 11. Qc2 g6 12. Rd1 Nb6 13. Bb3 a5 14. f3 Re8 15. Qf2 Nbd5 16. Bd2 Qb6 17. Bc4 Rad8 18. Re1 Bf8 19.
e4 Nb4 20. Be3 f4 21. Bxf4 Qxd4 22. Qxd4 Rxd4 23. Bf1 Nc2 24. Bg5 Nd7 25. Ne2 Rb4 26. Red1 Nxa1 27. Rxd7 Nc2 28. Nc1 Bc5+ 29.
Kh1 Be3 30. Bxe3 Nxe3 31. Bd3 Rxb2 0-1

[Event "Kvibergspelen 2018"]
[Site "Prioritet Serneke Arena, Krutvagen 2, Gothenburg, Sweden"]
[Date "2018.04.21"]
[Round "5.18"]
[White "Troberg Eskola, Love"]
[Black "Fransson, Patrick"]
[Result "1/2-1/2"]
[TimeControl "15 minutes + 5 seconds per move from move one (Round 1 - 4) / 90 minutes + 30 seconds per move from move one (Round 5 - 8)"]
[WhiteFideId "1724185"]
[BlackFideId "1709305"]
[WhiteElo "2045"]
[BlackElo "2176"]

1. e4 e6 2. d4 d5 3. Nd2 Nf6 4. e5 Nfd7 5. Bd3 c5 6. c3 Nc6 7. Ngf3 Be7 8. O-O O-O 9. Re1 cxd4 10.
cxd4 Re8 11. Nf1 Nf8 12. Bd2 f5 13. exf6 gxf6 14. Bc3 Bd6 15. Ne3 Re7 16. Ng4 Rg7 17. h3 f5 18. Nge5 Ng6 19.
Nxg6 hxg6 20. h4 Be7 21. g3 g5 22. Nxg5 Bxg5 23. hxg5 Qxg5 24. Kf1 f4 25. Bd2 e5 26. dxe5 Bh3+ 27. Kg1 Rf8 28. Qf3 Be6 29. Bf1 Qh4 30.
Qh1 Qg4 31. Be2 Qf5 32. Qh5 Rg5 33. g4 Rxh5 34. gxf5 Rhxf5 35. f3 Nxe5 36. Kf2 Kf7 37. Rh1 Rg8 38. Rh4 Ng6 39. Rhh1 1/2-1/2

[Event "Kvibergspelen 2018"]
[Site "Prioritet Serneke Arena, Krutvagen 2, Gothenburg, Sweden"]
[Date "2018.04.21"]
[Round "5.19"]
[White "Ask, Josef"]
[Black "Bergre, Joachim"]
[Result "0-1"]
[TimeControl "15 minutes + 5 seconds per move from move one (Round 1 - 4) / 90 minutes + 30 seconds per move from move one (Round 5 - 8)"]
[WhiteTitle "FM"]
[WhiteFideId "1704583"]
[BlackFideId "1704893"]
[WhiteElo "2173"]
[BlackElo "1974"]

1. d4 Nf6 2. c4 c5 3. d5 b5 4. cxb5 a6 5. bxa6 g6 6. Nc3 Bxa6 7. e4 Bxf1 8. Kxf1 d6 9. Nf3 Bg7 10.
g3 Nfd7 11. Kg2 Nb6 12. Qe2 O-O 13. h4 h5 14. Ng5 N8d7 15. g4 Nf6 16. gxh5 Nxh5 17. f4 Na4 18. Nd1 Qc8 19. Rh3 Qa6 20.
Qc2 Nb6 21. Rf3 Qc4 22. Rf2 Rfb8 23. a3 Qxc2 24. Rxc2 Na4 25. Nf3 Rb3 26. Ra2 Rab8 27. Nf2 Bxb2 28. Bd2 Bg7 29. Bc1 Nc3 30.
Rab2 Nxf4+ 31. Kf1 Rxb2 32. Bxb2 Ncxd5 33. Nd1 Nc7 34. e5 Nd3 35. exd6 exd6 36. Bxg7 Kxg7 37. a4 Nd5 38. Rd2 N5f4 39.
a5 Ra8 40. Ra2 d5 41. Nc3 Nb4 42. Ra4 Nfd3 43. Nb5 Nb2 44. Ra1 Nc4 45. Re1 Rxa5 46. Nc7 Ra3 47. Ng5 Ne3+ 48. Kg1 d4 49. Ne4 Nd3 50. Rb1 Ra2 51.
Ne8+ Kf8 52. Rb8 Rg2+ 53. Kh1 Nf2 54. Nxf2 Rxf2 55. Nd6+ Ke7 56. Ne4 Rf1 57. Kh2 c4 58. Rb7+ Ke6 59.
Ng5+ Kd5 60. Rd7+ Kc5 61. Ne4+ Kb4 62. Rxd4 f5 63. Nd2 Rf2 64. Kg1 Rg2+ 65. Kh1 Kc3 66. Nf3 Rg4 67. Rd6 Rf4 68.
Ne5 Rxh4 69. Kg1 g5 70. Rg6 g4 71. Kf2 f4 72. Rf6 Rh2+ 73. Kg1 Rg2+ 74. Kh1 Rf2 75. Ng6 Rf1 76. Kh2 g3 0-1

[Event "Kvibergspelen 2018"]
[Site "Prioritet Serneke Arena, Krutvagen 2, Gothenburg, Sweden"]
[Date "2018.04.21"]
[Round "5.20"]
[White "Wengholm, Anders"]
[Black "Petersson, Baldur Teodor"]
[Result "1-0"]
[TimeControl "15 minutes + 5 seconds per move from move one (Round 1 - 4) / 90 minutes + 30 seconds per move from move one (Round 5 - 8)"]
[BlackTitle "CM"]
[WhiteFideId "1704818"]
[BlackFideId "2309157"]
[WhiteElo "2158"]
[BlackElo "2003"]

1. Nf3 Nf6 2. c4 g6 3. Nc3 Bg7 4. e4 d6 5. d4 O-O 6. Be2 e5 7. O-O Nbd7 8. Be3 c6 9. Qc2 Qc7 10.
d5 c5 11. Ne1 a6 12. a3 Rb8 13. Rb1 Ne8 14. f3 f5 15. b4 f4 16. Bf2 b6 17. Nd3 Rb7 18. Rfc1 Ndf6 19. bxc5 bxc5 20.
Be1 Rf7 21. Bd1 Qb8 22. Qa4 Rxb1 23. Rxb1 Rb7 24. Rxb7 Qxb7 25. Qa5 Kf7 26. Bc2 Bf8 27. Na4 Be7 28. Naxc5 dxc5 29. Nxe5+ Kf8 30.
Nd3 Nd7 31. e5 Qb6 32. Qd2 g5 33. Bf2 Ng7 34. h4 h6 35. e6 Nxe6 36. dxe6 Qxe6 37. Ba4 Qf5 38. Bxd7 Bxd7 39. Qc3 Kg8 40.
hxg5 hxg5 41. Qb3 Be6 42. Qb8+ Kg7 43. Qc7 Kf6 44. Bxc5 Bxc5+ 45. Nxc5 Qb1+ 46. Kh2 Qe1 47. Qd8+ Kf7 48.
Qxg5 Qc1 49. Qh5+ Ke7 50. Qe5 Qxc4 51. Qxe6+ Qxe6 52. Nxe6 Kxe6 53. g4 fxg3 54. Kxg3 Kf5 55. a4 Kg5 56.
a5 Kf5 57. f4 Kf6 58. Kg4 Kg6 59. f5+ Kf6 60. Kf4 Kf7 61. Ke5 Ke7 62. Kd5 1-0

[Event "Kvibergspelen 2018"]
[Site "Prioritet Serneke Arena, Krutvagen 2, Gothenburg, Sweden"]
[Date "2018.04.21"]
[Round "6.1"]
[White "Hector, Jonny"]
[Black "Blomqvist, Erik"]
[Result "0-1"]
[TimeControl "15 minutes + 5 seconds per move from move one (Round 1 - 4) / 90 minutes + 30 seconds per move from move one (Round 5 - 8)"]
[WhiteTitle "GM"]
[BlackTitle "GM"]
[WhiteFideId "1700090"]
[BlackFideId "1709437"]
[WhiteElo "2502"]
[BlackElo "2494"]

1. e4 c5 2. Nf3 e6 3. d4 cxd4 4. Nxd4 Nc6 5. Nc3 a6 6. Nxc6 bxc6 7. Bd3 d5 8. Qe2 Nf6 9. O-O Bb7 10.
Bd2 Be7 11. Rae1 Qc7 12. e5 Nd7 13. Qg4 g6 14. Bh6 Nxe5 15. Qd4 f6 16. Qh4 Kf7 17. Be2 Rae8 18. Kh1 Nd7 19. Qh3 f5 20.
Nb1 Nf6 21. Nd2 Ng8 22. Be3 Bf6 23. Bc5 e5 24. Qa3 h5 25. c4 Nh6 26. Rc1 d4 27. Bd6 Qd7 28. c5 Kg7 29. Nc4 Nf7 30.
Na5 Bc8 31. Bd1 Rd8 32. Nc4 Qa7 33. f4 e4 34. Ba4 d3 35. Bxc6 Be6 36. Ba4 Bxc4 37. Rxc4 Nxd6 38. cxd6 Qb6 39.
d7 Qxb2 40. Qd6 Qxa2 41. Rc6 Rhf8 42. Rxa6 Ra8 43. Rxa8 Rxa8 44. Bc6 Rd8 45. h3 h4 46. Rg1 Qf2 47. Rb1 d2 48. Kh2 Qg3 0-1

[Event "Kvibergspelen 2018"]
[Site "Prioritet Serneke Arena, Krutvagen 2, Gothenburg, Sweden"]
[Date "2018.04.21"]
[Round "6.2"]
[White "Lindberg, Bengt"]
[Black "Brynell, Stellan"]
[Result "1-0"]
[TimeControl "15 minutes + 5 seconds per move from move one (Round 1 - 4) / 90 minutes + 30 seconds per move from move one (Round 5 - 8)"]
[WhiteTitle "IM"]
[BlackTitle "GM"]
[WhiteFideId "1700359"]
[BlackFideId "1700219"]
[WhiteElo "2385"]
[BlackElo "2420"]

1. e4 e5 2. Nf3 Nc6 3. Bb5 a6 4. Ba4 Nf6 5. O-O Be7 6. Re1 d6 7. c3 Bg4 8. d3 O-O 9. Nbd2 Nd7 10.
Nf1 Nc5 11. Bc2 Ne6 12. h3 Bh5 13. Ng3 Bxf3 14. Qxf3 Bg5 15. Nf5 Bxc1 16. Raxc1 g6 17. Ne3 Kg7 18. g3 Qd7 19. Qg2 Ne7 20.
Kh2 c6 21. Rcd1 f5 22. exf5 gxf5 23. d4 exd4 24. cxd4 d5 25. f4 Kh8 26. Qe2 Ng7 27. Nc4 dxc4 28. Qxe7 Qxe7 29. Rxe7 Rae8 30.
Rde1 Rxe7 31. Rxe7 b5 32. Kg2 Rd8 33. Kf3 Rxd4 34. Ke3 Rd6 35. Ra7 Kg8 36. g4 Rh6 37. gxf5 Rxh3+ 38. Kd4 Nh5 39.
Be4 Nxf4 40. Bxc6 Rh6 41. Bf3 Kf8 42. b3 cxb3 43. axb3 Rh3 44. Be4 Rxb3 45. Ke5 Nd3+ 46. Kf6 Ke8 47.
Bd5 Ra3 48. Be6 1-0

[Event "Kvibergspelen 2018"]
[Site "Prioritet Serneke Arena, Krutvagen 2, Gothenburg, Sweden"]
[Date "2018.04.21"]
[Round "6.3"]
[White "Ernst, Thomas"]
[Black "Tikkanen, Hans"]
[Result "1/2-1/2"]
[TimeControl "15 minutes + 5 seconds per move from move one (Round 1 - 4) / 90 minutes + 30 seconds per move from move one (Round 5 - 8)"]
[WhiteTitle "GM"]
[BlackTitle "GM"]
[WhiteFideId "1700065"]
[BlackFideId "1706446"]
[WhiteElo "2366"]
[BlackElo "2486"]

1. e4 c6 2. d4 d5 3. Nd2 dxe4 4. Nxe4 Bf5 5. Nc5 Qd6 6. Nf3 Nd7 7. Bd3 Bxd3 8. Nxd3 g6 9. O-O Bh6 10.
c3 Bxc1 11. Rxc1 e6 12. Qb3 Rb8 13. Rfe1 Ngf6 14. Nde5 O-O 15. c4 c5 16. Qa3 Qc7 17. dxc5 Qxc5 18. b4 Qe7 19. c5 Nxe5 20.
Nxe5 a6 21. Qf3 Rbd8 22. c6 Nd5 23. a3 Rfe8 24. h3 Rc8 25. Rc5 f6 26. Nxg6 hxg6 27. Rxd5 Rxc6 28. Rd4 Kg7 29. Red1 Rc7 30.
Rd6 e5 31. Qe4 Qf7 32. Kh2 Rc4 33. Qf3 e4 34. Qe3 Rc7 35. R1d4 Rce7 36. Qf4 e3 37. fxe3 Rxe3 38. Rd7 R3e7 39.
Qc7 Qe6 40. h4 Qe5 41. Qxe5 fxe5 42. R4d6 e4 43. Kg1 e3 44. Kf1 e2+ 45. Ke1 Kh6 46. Rxe7 Rxe7 47. g4 Re4 48. h5 Rxg4 49. hxg6 Rxg6 50.
Rd7 Rg7 51. Rd6 Rg6 52. Rd7 Rg7 53. Rd6 1/2-1/2

[Event "Kvibergspelen 2018"]
[Site "Prioritet Serneke Arena, Krutvagen 2, Gothenburg, Sweden"]
[Date "2018.04.21"]
[Round "6.4"]
[White "Hillarp Persson, Tiger"]
[Black "Storme, Isak"]
[Result "1/2-1/2"]
[TimeControl "15 minutes + 5 seconds per move from move one (Round 1 - 4) / 90 minutes + 30 seconds per move from move one (Round 5 - 8)"]
[WhiteTitle "GM"]
[BlackTitle "CM"]
[WhiteFideId "1700812"]
[BlackFideId "1728113"]
[WhiteElo "2540"]
[BlackElo "2323"]

1. Nf3 d5 2. c4 dxc4 3. e3 c5 4. Bxc4 Nf6 5. O-O Nc6 6. d4 e6 7. Qe2 cxd4 8. Rd1 Be7 9. exd4 O-O 10. Nc3 Nd5 11. a3 b6 12. Qe4 Nxc3 13. bxc3 Bb7 14. Bd3 g6 15.
Bh6 Re8 16. Qg4 Bf6 17. h4 Ne7 18. Bb5 Bc6 19. Bxc6 Nxc6 20. c4 Ne7 21. Bg5 Bxg5 22. hxg5 Rc8 23. Rac1 Qd6 24. Qe4 b5 25.
c5 Qd5 26. Qxd5 Nxd5 27. Ne5 Re7 28. g3 h6 29. gxh6 Kh7 30. Ng4 a5 31. Kg2 b4 32. Rd3 Rb7 33. axb4 axb4 34. Rb3 Ra8 35.
Ne3 Kxh6 36. Nxd5 exd5 37. Kf3 Kg5 38. Rcb1 Ra4 39. Re3 f6 40. g4 f5 41. gxf5 gxf5 42. Rg1+ Kf6 43. Rh1 b3 44.
c6 Rc7 45. Rxb3 Rc4 46. Rh6+ Kg5 47. Rd6 R7xc6 48. Rxd5 Rc3+ 49. Rxc3 Rxc3+ 50. Kg2 Kf4 51. Rd8 Rd3 52. Rh8 Rxd4 53.
Rh4+ 1/2-1/2

[Event "Kvibergspelen 2018"]
[Site "Prioritet Serneke Arena, Krutvagen 2, Gothenburg, Sweden"]
[Date "2018.04.21"]
[Round "6.5"]
[White "Pantzar, Milton"]
[Black "Rydstrom, Tom"]
[Result "1-0"]
[TimeControl "15 minutes + 5 seconds per move from move one (Round 1 - 4) / 90 minutes + 30 seconds per move from move one (Round 5 - 8)"]
[WhiteTitle "FM"]
[BlackTitle "FM"]
[WhiteFideId "1721003"]
[BlackFideId "1714830"]
[WhiteElo "2295"]
[BlackElo "2357"]

1. Nf3 d5 2. g3 Nc6 3. d4 Bg4 4. Bg2 Qd7 5. O-O O-O-O 6. Nbd2 Kb8 7. c4 e6 8. c5 e5 9. b4 e4 10. b5 exf3 11. exf3 Nxd4 12. c6 bxc6 13. bxc6 Qxc6 14.
fxg4 Bc5 15. Nc4 Ne7 16. Rb1+ Ka8 17. Be3 Ne6 18. Ne5 Qe8 19. Qb3 Rb8 20. Bxd5+ c6 21. Nxc6 Rxb3 22. Nxe7+ Kb8 23.
Rxb3+ Kc7 24. Rb7+ Kd6 25. Rd1 Bd4 26. Bxd4 Nxd4 27. Rxd4 Kc5 28. Rc4+ Kd6 29. f4 1-0

[Event "Kvibergspelen 2018"]
[Site "Prioritet Serneke Arena, Krutvagen 2, Gothenburg, Sweden"]
[Date "2018.04.21"]
[Round "6.6"]
[White "Sorensen, Hampus"]
[Black "Seo, Jung Min"]
[Result "0-1"]
[TimeControl "15 minutes + 5 seconds per move from move one (Round 1 - 4) / 90 minutes + 30 seconds per move from move one (Round 5 - 8)"]
[BlackTitle "FM"]
[WhiteFideId "8703884"]
[BlackFideId "1734687"]
[WhiteElo "2243"]
[BlackElo "2349"]

1. d4 f5 2. Nf3 Nf6 3. g3 g6 4. Bg2 Bg7 5. O-O O-O 6. c4 d6 7. b3 Ne4 8. Bb2 Nd7 9. Nbd2 Ndf6 10. Qc2 c6 11. Ne1 Nxd2 12. Qxd2 Qc7 13. Rd1 Be6 14.
Nd3 Bf7 15. Qc1 a5 16. f3 Nd7 17. Kh1 e5 18. dxe5 Nxe5 19. Nxe5 Bxe5 20. e4 fxe4 21. fxe4 Be6 22. Bxe5 dxe5 23.
c5 Rxf1 24. Bxf1 Rd8 25. Rxd8+ Qxd8 26. Bc4 Bxc4 27. Qxc4+ Kg7 28. a4 Qd2 29. Kg1 Kh6 30. h3 Kg7 31. Kf1 Qh2 32. Qc3 Qxh3+ 33. Kg1 Kf6 34. Qf3+ Kg5 35. Qc3 Qe6 36. Kg2 Kh5 37. Qxa5 Qxb3 38. Qc7 Qa2+ 39. Kh3 Qe6 40. Kg2 Kg4 41.
Qxh7 Qa2+ 42. Kg1 Kf3 43. Qh3 Qf2+ 44. Kh1 Qxg3 45. Qf1+ Kxe4 46. Qb1+ Qd3 47. Qxb7 Qd1 48. Kh2 Qxa4 49.
Qb1+ Kd5 50. Qxg6 Qh4 51. Kg1 Qe1+ 52. Kh2 Qd2 53. Kg1 Kxc5 54. Qg7 Qd4+ 55. Kf1 Kc4 56. Qg8+ Kc3 57. Qa8 Qc4+ 58.
Kf2 Kc2 59. Qe8 e4 60. Ke3 c5 61. Kf4 Kd2 62. Qd7+ Qd4 63. Qa7 e3+ 64. Kf3 Qd5+ 65. Kf4 Qc4+ 66. Kg3 e2 67. Qa5+ Qc3+ 0-1

[Event "Kvibergspelen 2018"]
[Site "Prioritet Serneke Arena, Krutvagen 2, Gothenburg, Sweden"]
[Date "2018.04.21"]
[Round "6.7"]
[White "Nilsson, Anders"]
[Black "Bellon Lopez, Juan"]
[Result "1-0"]
[TimeControl "15 minutes + 5 seconds per move from move one (Round 1 - 4) / 90 minutes + 30 seconds per move from move one (Round 5 - 8)"]
[WhiteTitle "CM"]
[BlackTitle "GM"]
[WhiteFideId "1705423"]
[BlackFideId "2200031"]
[WhiteElo "2217"]
[BlackElo "2352"]

1. d4 d5 2. Bf4 Nf6 3. e3 c6 4. c4 e6 5. Nc3 Nbd7 6. h3 Bb4 7. a3 Bxc3+ 8. bxc3 Qa5 9. Qb3 c5 10.
Bd3 b5 11. Bc2 bxc4 12. Qb2 O-O 13. Nf3 Ne8 14. O-O f5 15. a4 h6 16. Qa3 g5 17. Bh2 f4 18. exf4 gxf4 19. Qc1 Qc7 20.
Re1 cxd4 21. cxd4 Ng7 22. Bb1 Rf6 23. a5 Ba6 24. Ne5 Nxe5 25. Rxe5 Raf8 26. Ra3 Ne8 27. Rf3 Qxa5 28. Bxf4 Ng7 29.
Qc2 R8f7 30. Qh7+ Kf8 31. Bxh6 Rxf3 32. Rxe6 Rb7 33. Bg6 1-0